 Dungeon Crawl Stone Soup version 0.17-a0-2122-g03d97ec (webtiles) character file.

4860 tp1 the Infuser (level 10, -8/56 HPs)
             Began as a Deep Elf Conjurer on Oct 21, 2015.
             Was a Believer of Vehumet.
             Killed by the air
             ... invoked by Gastronok
              (33 damage)
             ... on level 8 of the Dungeon.
             The game lasted 00:55:56 (9377 turns).

tp1 the Infuser (Deep Elf Conjurer)                 Turns: 9377, Time: 00:55:56

Health: -8/56      AC:  6    Str:  8    XL:     10   Next: 25%
Magic:  0/25       EV: 14    Int: 24    God:    Vehumet [**....]
Gold:   300        SH:  5    Dex: 15    Spells: 4 memorised, 17 levels left

rFire  . . .     SeeInvis .     u - +7 dagger of the Ten Mice {pierce, rN+ Str+3}
rCold  . . .     Clarity  .     H - +0 robe (curse)
rNeg   + . .     SustAt   .     y - +0 buckler
rPois  .         Gourm    .     i - +0 helmet
rElec  .         Spirit   .     z - +1 cloak
rCorr  .         Warding  .     (no gloves)
rMut   .         Stasis   .     W - +0 pair of boots
MR     +....                    (no amulet)
Stlth  ++........               (no ring)
                                (no ring)

@: very slightly contaminated, somewhat resistant to hostile enchantments,
unstealthy
A: no striking features
a: Renounce Religion


You were on level 8 of the Dungeon.
You worshipped Vehumet.
Vehumet was pleased with you.
You were very hungry.

You visited 2 branches of the dungeon, and saw 9 of its levels.

You collected 300 gold pieces.

Inventory:

Hand Weapons
 f - a +0 short sword
 k - a +0 dagger
 q - a +1 short sword
 u - the +7 dagger of the Ten Mice (weapon) {pierce, rN+ Str+3}
   (You found it on level 4 of the Dungeon)

   It inflicts extra damage upon your enemies.
   It affects your strength (+3).
   It protects you from negative energy.
 F - a +0 rapier
Armour
 a - a +0 robe
 i - a +0 helmet (worn)
 t - a +0 robe
 v - a +0 robe
 y - a +0 buckler (worn)
 z - a +1 cloak (worn)
 H - a cursed +0 robe (worn)
 W - a +0 pair of boots (worn)
Jewellery
 E - a +6 ring of slaying {unknown}
 L - an uncursed amulet of clarity {unknown}
 P - an uncursed amulet of rage {unknown}
Wands
 r - a wand of frost (11)
 C - a wand of lightning (11)
 K - a wand of draining (10)
 R - a wand of disintegration (19)
Scrolls
 h - 2 scrolls of identify
 j - 2 scrolls of teleportation
 l - 4 scrolls of remove curse
 m - 4 scrolls of immolation {unknown}
 x - a scroll of magic mapping {unknown}
 B - 5 scrolls of recharging {unknown}
 J - a scroll of summoning {unknown}
 O - a scroll of random uselessness {unknown}
 S - a scroll of vulnerability {unknown}
 V - a scroll of fear {unknown}
 X - a scroll of noise {unknown}
Potions
 d - 3 potions of heal wounds
 e - 2 potions of ambrosia {unknown}
 n - 6 potions of haste {unknown}
 o - a potion of invisibility {unknown}
 s - 2 potions of resistance {unknown}
 w - 2 potions of magic {unknown}
 A - 3 potions of lignification {unknown}
 D - a potion of agility {unknown}
 G - a potion of might {unknown}
 T - a potion of poison {unknown}
 U - a potion of degeneration {unknown}
Books
 b - a book of Conjurations

   Spells                             Type                      Level
   a - Magic Dart                     Conjuration                  1
   b - Searing Ray                    Conjuration                  2
   c - Dazzling Spray                 Conjuration/Hexes            3
   d - Fulminant Prism                Conjuration/Hexes            4
   e - Iskenderun's Mystic Blast      Conjuration                  4
   f - Iskenderun's Battlesphere      Conjuration/Charms           5
 Q - a book of Dreams

   Spells                             Type                      Level
   a - Ensorcelled Hibernation        Hexes/Ice                    2
   b - Phase Shift                    Translocation                5
   c - Shadow Creatures               Summoning                    5
   d - Silence                        Hexes/Air                    5
   e - Darkness                       Hexes                        6
   f - Mass Confusion                 Hexes                        6
Comestibles
 c - 6 bread rations
 g - 2 meat rations
 p - 4 beef jerkies
 I - 9 slices of pizza
 M - 5 fruits
 N - 2 chunks of flesh


   Skills:
 - Level 4.0 Fighting
 - Level 2.2 Armour
 - Level 4.0 Dodging
 - Level 2.4 Stealth
 - Level 4.0 Shields
 + Level 9.5 Spellcasting
 - Level 7.0 Conjurations
 - Level 5.0 Hexes
 - Level 11.7 Charms


You had 17 spell levels left.
You knew the following spells:

 Your Spells              Type           Power        Failure   Level  Hunger
a - Magic Dart            Conj           ####         1%          1    None
b - Searing Ray           Conj           #####.       1%          2    None
c - Dazzling Spray        Conj/Hex       #####...     1%          3    None
d - Iskenderun's Battles  Conj/Chrm      ######..     3%          5    ####...


Dungeon Overview and Level Annotations

Branches:
Dungeon (8/15)             Temple (1/1) D:6            Lair (0/8) D:8

Altars:
Ashenzari
Dithmenos
Elyvilon
Fedhas
Kikubaaqudgha
Makhleb
Nemelex Xobeh
Ru
Sif Muna
Trog
Vehumet
Xom
Yredelemnul
Zin

Shops:
D:3 *

Annotations:
D:8 Gastronok


Message History

The air twists around and strikes you!
Ouch! That really hurt!
Gastronok chants a spell, wobbling all the while.
Gastronok seems to move somewhat quicker.
Casting: Magic Dart
Confirm with . or Enter, or press ? or * to list all spells.
Aiming: Magic Dart
Press: ? - help, Shift-Dir - straight line, f/p - Gastronok
Aim: Gastronok, wearing a glowing hat (almost dead, covering ground quickly)
The magic dart hits Gastronok.
Gastronok is almost dead.
Your battlesphere fires!
The barrage of energy hits Gastronok.
Gastronok is almost dead.
Gastronok's eyestalks quiver as he mumbles some strange words.
The rat bites your battlesphere.
Gastronok waves his eye-stalks in wide circles.
The air twists around and strikes you!
Ouch! That really hurt!
You die...

## . #.
#.##########
#.....*r.w.#
##.@..####b#
#.# #.##.#
#.# #.#
#.##.####.##
#.#
#.##........
#.##.#
#....####.##
.# #.##.#
#..>.# #.#
.# #.##.#
##...# #.#
.# #.##.#
##.## #.# .#
#.##.#
##...##


You could see Gastronok and a rat.

Vanquished Creatures
  Pikel (D:5)
  An elephant (D:8)
  Joseph (D:8)
  Grinder (D:5)
  Prince Ribbit (D:5)
  Sigmund (D:2)
  A yak (D:7)
  A human (D:7)
  Menkaure (D:5)
  2 ice beasts (D:7)
  2 centaurs
  An orc warrior (D:8)
  A phantom (D:8)
  3 ogres
  A crocodile (D:7)
  Blork the orc (D:5)
  2 giant frogs (D:7)
  5 wights (D:8)
  A centaur zombie (D:5)
  3 crimson imps
  A gnoll shaman (D:6)
  7 orc priests
  A giant frog skeleton (D:5)
  A centaur skeleton (D:4)
  2 hounds
  2 iguanas
  A jelly (D:7)
  13 orc wizards
  Jessica (D:2)
  3 worker ants
  4 sheep
  2 hound skeletons (D:4)
  A hound zombie (D:7)
  15 gnolls (D:6)
  9 adders
  A shadow imp (D:6)
  2 oozes
  4 worms
  An adder skeleton (D:7)
  3 adder zombies
  3 giant geckos
  39 orcs
  A ball python (D:4)
  5 bats
  10 goblins
  10 hobgoblins
  17 jackals
  8 kobolds
  4 quokkas
  8 giant cockroaches
  A giant gecko skeleton (D:6)
  4 giant newts
  8 rats
223 creatures vanquished.

Notes
Turn   | Place    | Note
--------------------------------------------------------------
     0 | D:1      | tp1 the Deep Elf Conjurer began the quest for the Orb.
     0 | D:1      | Reached XP level 1. HP: 10/10 MP: 6/6
   110 | D:1      | Reached XP level 2. HP: 15/15 MP: 1/8
   213 | D:1      | Found a sparkling altar of Nemelex Xobeh.
   668 | D:1      | Found a sparkling altar of Nemelex Xobeh.
   700 | D:1      | Reached XP level 3. HP: 19/19 MP: 6/9
  1534 | D:2      | Reached skill level 5 in Conjurations
  1542 | D:2      | Found a basalt altar of Yredelemnul.
  1920 | D:1      | Learned a level 2 spell: Searing Ray
  1924 | D:1      | Learned a level 3 spell: Dazzling Spray
  1939 | D:2      | Reached XP level 4. HP: 13/24 MP: 0/11
  2274 | D:2      | Noticed Jessica
  2277 | D:2      | Killed Jessica
  2380 | D:2      | Noticed Sigmund
  2391 | D:2      | Killed Sigmund
  2391 | D:2      | Reached skill level 7 in Spellcasting
  2391 | D:2      | Reached XP level 5. HP: 28/28 MP: 1/16
  2391 | D:2      | Reached XP level 6. HP: 32/32 MP: 1/18
  2641 | D:2      | Found a basalt altar of Yredelemnul.
  2889 | D:2      | Learned a level 5 spell: Iskenderun's Battlesphere
  2964 | D:3      | Reached skill level 1 in Charms
  3180 | D:3      | Found Zin's Purification Station.
  3182 | D:3      | Found a glowing silver altar of Zin.
  3789 | D:3      | Found Zin's Purification Station.
  3789 | D:3      | Found a glowing silver altar of Zin.
  3978 | D:3      | Reached skill level 5 in Charms
  4089 | D:4      | Got a crude dagger
  4090 | D:4      | Identified the +7 dagger of the Ten Mice {pierce, rN+ Str+3} (You found it on level 4 of the Dungeon)
  4111 | D:4      | Reached XP level 7. HP: 36/36 MP: 9/19
  4375 | D:4      | Found a deep blue altar of Sif Muna.
  4439 | D:4      | Reached skill level 1 in Armour
  4446 | D:5      | Entered Level 5 of the Dungeon
  4796 | D:4      | Reached skill level 1 in Fighting
  4821 | D:4      | Found a white marble altar of Elyvilon.
  4957 | D:4      | You fall through a shaft!
  4968 | D:5      | Noticed Grinder
  4972 | D:5      | Killed Grinder
  4972 | D:5      | Reached XP level 8. HP: 30/46 MP: 9/20
  5164 | D:5      | Noticed Blork the orc
  5173 | D:5      | Killed Blork the orc
  5337 | D:5      | Noticed Pikel
  5345 | D:5      | Killed Pikel
  5452 | D:5      | Noticed Prince Ribbit
  5456 | D:5      | Killed Prince Ribbit
  5456 | D:5      | Reached skill level 8 in Spellcasting
  5508 | D:5      | Noticed Menkaure
  5510 | D:5      | Killed Menkaure
  5510 | D:5      | Reached skill level 9 in Spellcasting
  5896 | D:6      | Reached XP level 9. HP: 52/52 MP: 6/24
  6300 | D:6      | Found a staircase to the Ecumenical Temple.
  6306 | Temple   | Entered the Ecumenical Temple
  6314 | Temple   | Became a worshipper of Vehumet
  6875 | D:6      | Found a staircase to the Ecumenical Temple.
  7246 | D:7      | Found a blossoming altar of Fedhas.
  7343 | D:7      | Reached * piety under Vehumet
  7343 | D:7      | Offered knowledge of Sandblast by Vehumet.
  7417 | D:7      | Found a sacrificial altar of Ru.
  7417 | D:7      | Found a bloodstained altar of Trog.
  8116 | D:7      | Found a blossoming altar of Fedhas.
  8190 | D:7      | Found a sacrificial altar of Ru.
  8190 | D:7      | Found a bloodstained altar of Trog.
  8349 | D:7      | Reached skill level 10 in Charms
  8373 | D:8      | Found a staircase to the Lair.
  8373 | D:8      | Noticed an elephant
  8392 | D:8      | Killed an elephant
  8392 | D:8      | Reached skill level 11 in Charms
  8632 | D:8      | Reached XP level 10. HP: 54/56 MP: 7/25
  8744 | D:8      | Reached skill level 1 in Hexes
  8894 | D:8      | Offered knowledge of Sting by Vehumet.
  8906 | D:8      | Reached ** piety under Vehumet
  8943 | D:8      | Noticed Joseph
  9098 | D:8      | Killed Joseph
  9098 | D:8      | Reached skill level 5 in Hexes
  9355 | D:8      | Noticed Gastronok
  9377 | D:8      | Killed from afar by Gastronok

Vault maps used:
D:1:      dpeg_arrival_rooms_with_view, interstate_on_off,
          corexii_leaking_fountain, minmay_misc_feat_roman,
          nemelex_diamond_rough_becter
D:2:      old_standard_altar, first_bread, uniq_sigmund, uniq_jessica
D:3:      zin_purify
D:4:      lemuel_doored_altar, lemuel_blue_sif_altar
D:5:      patterned_corridor, uniq_grinder, uniq_menkaure, uniq_pikel,
          uniq_blork_the_orc, uniq_prince_ribbit1
D:6:      minmay_temple_entry_fiery, kennysheep_cross_bottleneck
D:7:      gammafunk_temple_overflow_elements, kennysheep_little_box,
          grunt_livestock, minmay_bad_closet
D:8:      slow_altar_2, david_lair_generic, uniq_erica, uniq_joseph,
          uniq_gastronok
Temple:   circular_temple_12

Action                   |  1- 3 |  4- 6 |  7- 9 | 10-12 || total
-------------------------+-------+-------+-------+-------++-------
Melee: Unarmed           |     7 |       |       |       ||     7
       Short sword       |    24 |    12 |       |       ||    36
       Dagger            |       |       |     8 |       ||     8
 Cast: Magic Dart        |    94 |   108 |   236 |    58 ||   496
       Dazzling Spray    |     2 |     7 |       |       ||     9
       Searing Ray       |     2 |       |       |       ||     2
       Iskenderun's Batt |       |     3 |    39 |    10 ||    52
  Use: Scroll            |       |     6 |     1 |       ||     7
  Eat: Chunk             |     3 |     8 |    14 |     4 ||    29
       Bread ration      |       |       |     2 |       ||     2
